 Dungeon Crawl Stone Soup version 0.23.1-41-g7e51ed3 (webtiles) character file.

Game seed: 11745813761952536313

12802 teukkam the Protected (level 11, -12/99 HPs)
             Began as a Minotaur Fighter on Mar 29, 2019.
             Was the Champion of Zin.
             Mangled by a spiny frog (13 damage)
             ... on level 6 of the Lair of Beasts.
             The game lasted 00:41:17 (10754 turns).

teukkam the Protected (Minotaur Fighter)           Turns: 10754, Time: 00:41:19

Health: -12/99     AC: 10    Str: 25    XL:     11   Next: 67%
Magic:  15/15      EV:  9    Int: 10    God:    Zin [******]
Gold:   632        SH: 12    Dex:  9    Spells: 10/10 levels left

rFire    . . .     SeeInvis .   a - +8 spear "Suept" {pierce, rElec rPois}
rCold    . . .     Gourm    .   c - +0 shield
rNeg     . . .     Faith    .   x - +0 scale mail "Isyir" {Int+5} (curse)
rPois    +         Spirit   .   (helmet restricted)
rElec    +         Reflect  .   I - +0 cloak
rCorr    .         Harm     .   (no gloves)
MR       .....                  (no boots)
Stlth    ..........             (no amulet)
HPRegen  0.26/turn              (no ring)
MPRegen  0.14/turn              (no ring)

@: about to teleport, flying, studying Armour
A: retaliatory headbutt, horns 2
a: Recite, Vitalisation, Imprison, Sanctuary, Donate Gold, Renounce Religion


You were on level 6 of the Lair of Beasts.
You worshipped Zin.
Zin was exalted by your worship.
You were not hungry.

You visited 2 branches of the dungeon, and saw 13 of its levels.

You collected 702 gold pieces.
You donated 70 gold pieces to Zin.

Inventory:

Hand Weapons
 a - the +8 spear "Suept" (weapon) {pierce, rElec rPois}
   (You found it on level 5 of the Dungeon)

   It inflicts extra damage upon your enemies.
   It insulates you from electricity.
   It protects you from poison.
 b - a +0 fustibalus
 t - a +0 blowgun
 B - a +0 war axe
 J - a +0 hand crossbow
Missiles
 k - 84 sling bullets
 n - 362 stones
 p - 78 poisoned needles
 G - 6 steel javelins (quivered)
 K - 33 bolts
 L - 3 curare-tipped needles
Armour
 c - a +0 shield (worn)
 g - a +0 chain mail
 x - the cursed +0 scale mail "Isyir" (worn) {Int+5}
   (You found it on level 4 of the Dungeon)

   It affects your intelligence (+5).
   It has a curse placed upon it.
 I - a +0 cloak (worn)
Wands
 r - a wand of scattershot (3)
 A - a wand of disintegration (15)
 H - a wand of paralysis (12)
 M - a wand of flame (21)
 N - a wand of digging (8)
Scrolls
 l - a scroll of summoning
 s - 6 scrolls of identify
 u - 9 scrolls of teleportation
 v - 2 scrolls of enchant armour
 y - 2 scrolls of amnesia {unknown}
 z - 3 scrolls of magic mapping {unknown}
 C - a scroll of enchant weapon {unknown}
 O - a scroll of torment {unknown}
Potions
 e - a potion of invisibility
 h - 2 potions of brilliance
 i - 2 potions of flight
 j - 2 potions of heal wounds
 m - 3 potions of ambrosia {unknown}
 o - 2 potions of haste {unknown}
 q - 2 potions of degeneration {unknown}
 w - a potion of berserk rage {unknown}
 E - a potion of curing {unknown}
 F - 3 potions of lignification {unknown}
Books
 D - a manual of Armour
Miscellaneous
 P - a crystal ball of energy
Comestibles
 f - 12 rations
 Q - a chunk of flesh


   Skills:
 + Level 10.1 Fighting
 - Level 5.5(7.4) Axes
 + Level 7.8(8.6) Polearms
 + Level 8.3 Slings
 + Level 12.0 Armour
 + Level 10.1 Shields
 + Level 7.1 Invocations


You had 10 spell levels left.
You didn't know any spells.
Your spell library contained the following spells:

 Spells                   Type           Power        Failure   Level  Hunger
 Flame Tongue             Conj/Fire      #....        80%         1    ##.....
 Infusion                 Chrm           #...         80%         1    ##.....
 Magic Dart               Conj           #...         80%         1    ##.....
 Blink                    Tloc           N/A          91%         2    ###....
 Call Imp                 Summ           #.......     91%         2    ###....
 Shroud of Golubria       Chrm/Tloc      #.........   91%         2    ###....
 Slow                     Hex            #.......     91%         2    ###....
 Song of Slaying          Chrm           #.......     91%         2    ###....
 Throw Flame              Conj/Fire      #.....       91%         2    ###....
 Conjure Flame            Conj/Fire      #.......     99%         3    ####...
 Inner Flame              Hex/Fire       #.......     99%         3    ####...
 Mephitic Cloud           Conj/Pois/Air  #.......     99%         3    ####...
 Regeneration             Chrm/Necr      #.........   99%         3    ####...
 Spectral Weapon          Hex/Chrm       #.......     99%         3    ####...
 Sticky Flame             Conj/Fire      #.......     100%        4    #####..
 Fireball                 Conj/Fire      #.........   100%        5    ######.


Dungeon Overview and Level Annotations

Branches:
Dungeon (9/15)             Temple (0/1) D:4            Lair (3/6) D:8
  Swamp: Lair:2-4    Shoals: Lair:2-4     Snake: Lair:2-4    Spider: Lair:2-4
    Orc: D:9-12

Altars:
Ashenzari
Cheibriados
Dithmenos
Fedhas
Makhleb
Nemelex Xobeh
Qazlal
Sif Muna
Uskayaw
Xom
Zin

Shops:
D:4 }*:[*   D:5 =

Annotations:
Lair:3 exclusion: electric eel


Innate Abilities, Weirdness & Mutations

You reflexively headbutt those who attack you in melee.
You have a pair of horns on your head.


Message History

The spiny frog gives a loud, deep croak!
You hear a bleat! x2; You hear an angry hiss.
A black mamba comes into view.
A dream sheep comes into view. x2
A yak comes into view.
A hippogriff comes into view.
The spiny frog closely misses you.
A water moccasin comes into view.
Found 27 gold pieces and a scroll of teleportation.
Found two stone staircases leading up.
As you read the scroll of teleportation, it crumbles to dust.
You feel strangely unstable.
The black mamba hisses angrily.
The dream sheep shake their wool and sparkle.
You feel drowsy...
You fall asleep.
The spiny frog closely misses you. The spiny frog stings you!!!
You wake up.
* * * LOW HITPOINT WARNING * * *
The yak gores you but does no damage.
A water moccasin comes into view.
The spiny frog stings you!
You die...

#####
.#....#######..
..........<..$.
...<.YH@.S.....
....S.Y.F......
S..S..YY.......
...^........?..
.P..P.....SY...
P#PP#..####....
####P# #.Y. ##
...


You could see a hippogriff, 2 black mambas, 4 yaks, a spiny frog, 3 water
moccasins and 2 dream sheep.

Vanquished Creatures
  2 two-headed ogres
  Nergalle (Lair:3)
  Joseph (D:8)
  A black mamba (Lair:2)
  2 elephants (Lair:3)
  5 spiny frogs
  2 komodo dragons (Lair:2)
  A rime drake (Lair:2)
  Grinder (D:3)
  2 hippogriffs (Lair:3)
  9 yaks
  A wyvern (D:8)
  Sigmund (D:5)
  A hungry ghost (D:7)
  Menkaure (D:4)
  3 wargs (D:8)
  5 water moccasins
  4 porcupines
  An ice beast (D:6)
  A black bear (Lair:3)
  2 orc warriors (D:8)
  A sky beast (D:6)
  3 ogres
  A phantom (D:5)
  6 wolves (Lair:2)
  3 crocodiles
  2 big kobolds
  8 bullfrogs
  4 scorpions
  3 wights (D:8)
  2 howler monkeys
  2 crimson imps
  2 bullfrog zombies (D:7)
  5 orc priests
  11 orc wizards
  Crazy Yiuf (D:6)
  A centaur skeleton (D:7)
  2 jellies
  Ijyb (D:3)
  3 worker ants
  2 killer bee zombies (D:5)
  A howler monkey zombie (D:5)
  Robin (D:3)
  7 gnolls
  6 adders
  A shadow imp (D:6)
  2 oozes
  4 worms
  4 leopard geckos
  37 orcs
  2 ball pythons (D:5)
  8 giant cockroaches
  6 hobgoblins
  4 jackals (D:5)
  16 kobolds
  4 quokkas
  8 bats
  7 frilled lizards
  11 goblins
  A leopard gecko skeleton (D:6)
  A quokka skeleton (D:6)
  9 rats
250 creatures vanquished.

Vanquished Creatures (collateral kills)
  A yak (Lair:2)
1 creature vanquished.

Grand Total: 251 creatures vanquished

Notes
Turn   | Place    | Note
-------+----------+-------------------------------------------
     0 | D:1      | teukkam the Minotaur Fighter began the quest for the Orb.
     0 | D:1      | Reached XP level 1. HP: 19/19 MP: 0/0
   289 | D:2      | Found a glowing silver altar of Zin.
   292 | D:2      | Became a worshipper of Zin the Law-Giver
   494 | D:1      | Reached XP level 2. HP: 25/27 MP: 1/1
  1067 | D:3      | Reached skill level 4 in Armour
  1082 | D:3      | Noticed Robin
  1102 | D:3      | Reached XP level 3. HP: 20/33 MP: 2/2
  1104 | D:3      | Killed Robin
  1165 | D:3      | Found a stormy altar of Qazlal.
  1426 | D:3      | Reached * piety under Zin
  1451 | D:3      | Noticed Ijyb
  1469 | D:3      | Killed Ijyb
  1469 | D:3      | Reached XP level 4. HP: 38/41 MP: 3/3
  1530 | D:3      | Noticed Grinder
  1534 | D:3      | Paralysed by Grinder for 2 turns
  1541 | D:3      | Killed Grinder
  1541 | D:3      | Reached skill level 5 in Armour
  1541 | D:3      | Reached XP level 5. HP: 10/47 MP: 4/4
  1541 | D:3      | Reached XP level 6. HP: 12/55 MP: 5/5
  1553 | D:3      | Reached skill level 5 in Fighting
  1653 | D:2      | Reached skill level 5 in Shields
  2312 | D:2      | Found a sparkling altar of Nemelex Xobeh.
  2314 | D:2      | Found a shimmering altar of Xom.
  2550 | D:3      | Found a blossoming altar of Fedhas.
  3018 | D:3      | Found a deep blue altar of Sif Muna.
  3204 | D:4      | Found Xom Usia's Assorted Antiques.
  3230 | D:4      | Found a burning altar of Makhleb.
  3237 | D:4      | Reached skill level 1 in Invocations
  3237 | D:4      | Reached XP level 7. HP: 55/61 MP: 6/6
  3274 | D:4      | Found Ohavvuij's Book Shop.
  3286 | D:4      | Noticed Menkaure
  3294 | D:4      | Killed Menkaure
  3301 | D:4      | Reached ** piety under Zin
  3510 | D:4      | Found a shattered altar of Ashenzari.
  3515 | D:4      | Found Voommut's Armour Boutique.
  3545 | D:4      | Found a staircase to the Ecumenical Temple.
  3554 | D:4      | Got a shimmering scale mail
  3566 | D:4      | Found Qutt's Gadget Emporium.
  3585 | D:4      | Identified the cursed +0 scale mail "Isyir" {Int+5} (You
                  | found it on level 4 of the Dungeon)
  4010 | D:4      | Reached *** piety under Zin
  4060 | D:4      | Found Upuewanali's Assorted Antiques.
  4068 | D:4      | Reached skill level 5 in Axes
  4181 | D:5      | Entered Level 5 of the Dungeon
  4229 | D:5      | Noticed Sigmund
  4240 | D:5      | Killed Sigmund
  4240 | D:5      | Reached skill level 6 in Armour
  4240 | D:5      | Reached XP level 8. HP: 60/70 MP: 8/8
  4244 | D:5      | Found a shadowy altar of Dithmenos.
  4339 | D:5      | Found Qiwk's Jewellery Emporium.
  4648 | D:5      | Got an iridescent spear
  4650 | D:5      | Identified the +8 spear "Suept" {pierce, rElec rPois} (You
                  | found it on level 5 of the Dungeon)
  4671 | D:5      | Reached skill level 1 in Polearms
  4959 | D:6      | Noticed a two-headed ogre
  4973 | D:6      | Killed a two-headed ogre
  4973 | D:6      | Reached skill level 5 in Slings
  4973 | D:6      | Reached skill level 7 in Armour
  4973 | D:6      | Reached XP level 9. HP: 6/79 MP: 10/10
  5571 | D:8      | Reached skill level 8 in Armour
  5611 | D:8      | Reached **** piety under Zin
  6047 | D:8      | Noticed Joseph
  6056 | D:8      | Killed Joseph
  6264 | D:8      | Found a staircase to the Lair.
  6272 | D:8      | Reached XP level 10. HP: 88/88 MP: 12/12
  6304 | D:8      | Reached skill level 9 in Armour
  6304 | D:8      | Reached skill level 5 in Invocations
  6480 | D:7      | Reached ***** piety under Zin
  6656 | D:7      | Reached skill level 5 in Polearms
  6898 | D:6      | Noticed a -3 dagger
  6899 | D:6      | Noticed a +0 dagger
  6900 | D:6      | Found a hide-covered altar of Uskayaw.
  6994 | D:6      | Found a runed translucent door.
  6995 | D:6      | Noticed Crazy Yiuf
  7003 | D:6      | Killed Crazy Yiuf
  7338 | D:8      | Found a snail-covered altar of Cheibriados.
  7445 | D:8      | Noticed a two-headed ogre
  7452 | D:8      | Killed a two-headed ogre
  8067 | Lair:1   | Entered Level 1 of the Lair of Beasts
  8169 | Lair:1   | Reached skill level 10 in Armour
  8541 | Lair:2   | Noticed a spiny frog
  8553 | Lair:2   | Killed a spiny frog
  8631 | Lair:3   | Noticed a spiny frog
  8640 | Lair:2   | Killed a spiny frog
  8877 | Lair:2   | Reached XP level 11. HP: 84/97 MP: 14/14
  9112 | Lair:2   | Reached skill level 11 in Armour
 10312 | Lair:3   | Noticed Nergalle
 10342 | Lair:3   | Killed Nergalle
 10524 | Lair:3   | Reached skill level 10 in Fighting
 10524 | Lair:3   | Reached skill level 10 in Shields
 10668 | Lair:3   | Reached ****** piety under Zin
 10727 | Lair:3   | Reached skill level 12 in Armour
 10740 | Lair:3   | You fall through a shaft for 3 floors!
 10740 | Lair:6   | Entered Level 6 of the Lair of Beasts
 10754 | Lair:6   | HP: 1/99 [spiny frog (40)]
 10754 | Lair:6   | Mangled by a spiny frog

Skill      XL: |  1  2  3  4  5  6  7  8  9 10 11 |
---------------+----------------------------------+-----
Fighting       | 4 5 6 7 8 9 10 | 10.1
Armour         | 4 5 6 7 8 10 12 | 12.0
Shields        | 4 5 6 7 8 9 10 | 10.1
Axes           | 3 4 5 |  5.5
Slings         | 2 3 5 6 7 8 |  8.3
Invocations    | 1 2 3 4 6 7 |  7.1
Polearms       | 3 4 6 7 |  7.8

Action                   |  1- 3 |  4- 6 |  7- 9 | 10-12 || total
-------------------------+-------+-------+-------+-------++-------
Melee: War axe           |    91 |    99 |   103 |       ||   293
       Headbutt          |    10 |    17 |    42 |    62 ||   131
       Spear             |       |       |   150 |   296 ||   446
 Fire: Hunting sling     |    12 |       |       |    39 ||    51
       Fustibalus        |       |       |       |     7 ||     7
Throw: Stone             |       |       |     3 |       ||     3
       Javelin           |       |       |       |     2 ||     2
Invok: Recite            |       |     2 |    11 |     3 ||    16
Evoke: Wand              |       |       |     4 |     1 ||     5
  Use: Scroll            |     3 |     3 |       |     5 ||    11
       Potion            |       |     2 |     1 |     4 ||     7
 Stab: Confused          |       |       |     3 |       ||     3
  Eat: Chunk             |     1 |     1 |       |     2 ||     4
       Ration            |     1 |     1 |     4 |     3 ||     9
Armor: Scale mail        |    46 |    39 |    62 |    55 ||   202
       Chain mail        |       |     9 |     6 |       ||    15
Dodge: Dodged            |    23 |    37 |    63 |    71 ||   194
Block: Shield            |    43 |    55 |   109 |   139 ||   346
